 Dungeon Crawl Stone Soup version 0.30-a0-134-gb40fab5c76 (webtiles) character file.

Game seed: 17176886472917816727

86 funkygono the Firebug (level 4, -6/30 HPs)
             Began as a Demonspawn Fire Elementalist on Sept 19, 2022.
             Killed from afar by Natasha (18 damage)
             ... with a bolt of dispelling energy
             ... on level 2 of the Dungeon.
             The game lasted 00:01:59 (1544 turns).

funkygono the Firebug (DsFE)                        Turns: 1544, Time: 00:02:00

Health: -6/30      AC:  2    Str:  8    XL:     4   Next: 26%
Magic:  4/8        EV: 12    Int: 19    God:
Gold:   125        SH:  0    Dex: 13    Spells: 5/8 levels left

rFire   . . .      SeeInvis .    e - +0 short sword
rCold   . . .      Faith    .    (no shield)
rNeg    . . .      Spirit   .    i - +0 robe
rPois   .          Reflect  .    (no helmet)
rElec   .          Harm     .    (no cloak)
rCorr   .          Rampage  .    (no gloves)
Will    .....                    (no boots)
Stlth   ++........               (no amulet)
HPRegen 0.10/turn                (no ring)
MPRegen 0.11/turn                (no ring)

@: very slightly contaminated, studying Evocations
A: spiny 3
a: no special abilities


You were on level 2 of the Dungeon.
You visited 1 branch of the dungeon, and saw 2 of its levels.

You collected 125 gold pieces.

Inventory:

Hand Weapons
 e - a +0 short sword (weapon)
Armour
 i - a +0 robe (worn)
Jewellery
 j - an amulet of guardian spirit
Scrolls
 c - a scroll of acquirement {unknown}
 d - a scroll of noise {unknown}
 f - a scroll of enchant armour {unknown}
 g - a scroll of butterflies {unknown}
 h - a scroll of brand weapon {unknown}
 l - a scroll of identify {unknown}
 m - a scroll of blinking {unknown}
Potions
 a - a potion of brilliance {unknown}
 b - 2 potions of magic
 k - 2 potions of heal wounds {unknown}


   Skills:
 + Level 0.1 Fighting
 + Level 0.4 Short Blades
 + Level 2.3 Dodging
 - Level 1.7 Stealth
 + Level 2.7 Spellcasting
 + Level 1.5 Conjurations
 + Level 3.5 Fire Magic


You had 5 spell levels left.
You knew the following spells:

 Your Spells              Type           Power      Damage    Failure   Level
a - Foxfire               Conj/Fire      48%        2x1d6     5%          1
b - Scorch                Fire           32%        2d6       5%          2

Your spell library contained the following spells:

 Spells                   Type           Power      Damage    Failure   Level
 Inner Flame              Hex/Fire       9%         N/A       22%         3
 Ensorcelled Hibernation  Hex/Ice        4%         N/A       24%         2
 Kindle Blastsparks       Fire/Tloc/Air  14%        2d11      28%         3
 Spider Form              Tmut/Pois      2%         N/A       43%         3
 Flame Wave               Conj/Fire      12%        2d6       47%         4
 Anguish                  Hex/Necr       1%         N/A       83%         4


Dungeon Overview and Level Annotations

Branches:
Dungeon (2/15)

Altars:

Shops:
D:2 =

Annotations:
D:2 Natasha


Innate Abilities, Weirdness & Mutations

You are completely covered in sharp spines.


Message History

The jackal is heavily wounded.
The foxfire hits the jackal but does no damage.
The jackal is heavily wounded.
The foxfire hits the jackal.
You kill the jackal!
Your foxfire dissipates!
Unknown command.
There is an entrance to Kuin's Jewellery Emporium here.
You can access your shopping list by pressing '$'.
Natasha, Servant of Life and Death comes into view.
She is carrying a wand of quicksilver (5).
Casting: Foxfire (safe; 5% risk of failure)
Confirm with . or Enter, or press ? or * to list all spells.
You miscast Foxfire.
You are very lightly contaminated with residual magic.
Nothing appears to happen.
Natasha hisses angrily.
Casting: Foxfire (safe; 5% risk of failure)
Confirm with . or Enter, or press ? or * to list all spells.
You conjure some foxfire!
Natasha casts a spell at you.
You feel yourself slow down.
Casting: Foxfire (safe; 5% risk of failure)
Confirm with . or Enter, or press ? or * to list all spells.
You conjure some foxfire!
The foxfire hits Natasha but does no damage.
The foxfire hits Natasha.
Natasha is lightly wounded.
Natasha zaps a wand.
The bolt of dispelling energy hits your foxfire!
The bolt of dispelling energy hits you!!
Your magical effects are unravelling.
Ouch! That really hurt!
Casting: Foxfire (safe; 5% risk of failure)
Confirm with . or Enter, or press ? or * to list all spells.
You conjure some foxfire!
You feel yourself speed up.
Natasha zaps a wand.
The bolt of dispelling energy hits you!!
Ouch! That really hurt!
You die...

#.###.#.##.......# ##
#. #...##†#...#.## #
#.###.####..#.#...# #
#....####...∩....# ♣
###.#.......#.#......
......>....#...#†##♣.
#.##.#............#
.......v§..........#
#.###.§@v........#...
#§.v##..##.......
..§.§..........####
#.##h########.### ..
.. # # ... .... ##..


You could see Natasha (ally target).

Vanquished Creatures
  Natasha (twice) (D:2)
  A dart slug (D:2)
  2 ball pythons (D:1)
  4 endoplasms
  A giant cockroach (D:1)
  2 goblins (D:1)
  3 hobgoblins
  7 jackals
  3 quokkas (D:1)
  2 bats (D:1)
  A kobold (D:1)
28 creatures vanquished.

Vanquished Creatures (others)
  62 foxfires
  2 plants (D:2)
64 creatures vanquished.

Grand Total: 92 creatures vanquished

Notes
Turn   | Place    | Note
-------+----------+-------------------------------------------
     0 | D:1      | funkygono the Demonspawn Fire Elementalist began the quest
                  | for the Orb.
     0 | D:1      | Reached XP level 1. HP: 13/13 MP: 3/3
   391 | D:1      | Reached skill level 3 in Fire Magic
   391 | D:1      | Gained mutation: You are partially covered in sharp spines.
                  | [demonic ancestry]
   391 | D:1      | Reached XP level 2. HP: 18/19 MP: 0/5
   576 | D:1      | Learned a level 2 spell: Scorch
   606 | D:1      | Found a faded altar of an unknown god.
  1361 | D:2      | Found Kuin's Jewellery Emporium.
  1365 | D:2      | Gained mutation: You are mostly covered in sharp spines.
                  | [demonic ancestry]
  1365 | D:2      | Reached XP level 3. HP: 24/24 MP: 3/6
  1365 | D:2      | Noticed Natasha
  1392 | D:2      | Killed Natasha
  1457 | D:2      | Noticed Natasha
  1461 | D:2      | Killed Natasha
  1462 | D:2      | Gained mutation: You are completely covered in sharp
                  | spines. [demonic ancestry]
  1462 | D:2      | Reached XP level 4. HP: 30/30 MP: 3/8
  1540 | D:2      | Noticed Natasha
  1544 | D:2      | Killed from afar by Natasha

Illustrated notes

Levels and vault maps discovered:
D:1:      lemuel_arrival_river_bridge, layout_basic,
          shapermc_ecumenical_altar_venn, chequers_serial_rivers_micro_b,
          minmay_misc_feat_ornament, nicolae_kite_square_tiling_tiny,
          serial_park_tiny_2
D:2:      layout_loops_cross, serial_shops, nicolae_shop_advertising_works
          [nicolae_subvault_shop_adworks], serial_forest,
          infiniplex_forest_lined_room_2, infiniplex_forest_clump_C,
          infiniplex_forest_corner_2, infiniplex_forest_clump_small,
          infiniplex_forest_corner_2, infiniplex_forest_lined_2,
          minmay_pentomino_r2, uniq_natasha

Skill      XL: |  1  2 |
---------------+-------+-----
Fire Magic     | 3 |  3.5
Dodging        | 2 |  2.3
Fighting       | |  0.1
Short Blades   | |  0.4
Stealth        | |  1.7
Spellcasting   | |  2.7
Conjurations   | |  1.5

Action                   |  1- 3 |  4- 6 || total
-------------------------+-------+-------++-------
Melee: Short sword       |    13 |       ||    13
 Cast: Foxfire           |    35 |     5 ||    40
       Scorch            |     1 |       ||     1
Armor: Robe              |     4 |       ||     4
Dodge: Dodged            |    10 |       ||    10

Table legend: (Time is in decaauts)
 A = Elapsed time spent in this place.
 B = Non-inter-level travel time spent in this place.
 C = Inter-level travel time spent in this place.
 D = Time resting spent in this place.
 E = Time spent auto-exploring this place.
 F = Levels seen in this place.
 G = Mean time per level.
                   A        B        C        D        E       F      G
               +--------+--------+--------+--------+--------+-----+--------+
         Total |   1549 |   1541 |      8 |      0 |   1299 |   2 |  774.5 |
       Dungeon |   1549 |   1541 |      8 |      0 |   1299 |   2 |  774.5 |
               +--------+--------+--------+--------+--------+-----+--------+

Top non-repeatable levels by time:
     D:1: 1220 daAuts
     D:2: 329 daAuts
